 Dungeon Sprint DCSS version 0.25.1-2-g60ff931df9 (webtiles) character file.

Game seed: 9202166366607681078

8617 Baz the Fighter (level 11, -13/109 (110) HPs)
             Began as a Ghoul Fighter on Nov 18, 2020.
             Was a Priest of Ru.
             Mangled by an orc knight
             ... wielding a +0 war axe
              (19 damage)
             ... in the Dungeon (Sprint V: "Ziggurat Sprint").
             The game lasted 00:06:13 (968 turns).

Baz the Fighter (Ghoul Fighter)                      Turns: 968, Time: 00:06:13

HP:   -13/109 (110) AC: 17    Str: 30    XL:     11   Next: 33%
MP:   11/12         EV:  9    Int:  3    God:    Ru [***...]
Gold: 0             SH: 17    Dex: 14    Spells: 10/10 levels left

rFire    + + .     SeeInvis .   m - +7 Screaming Sword {vorpal, sonic wave}
rCold    . . .     Gourm    .   l - +3 kite shield
rNeg     + + +     Faith    .   w - +5 fire dragon scales
rPois    ∞         Spirit   .   (no helmet)
rElec    .         Reflect  .   (no cloak)
rCorr    .         Harm     .   (no gloves)
MR       .....     NoTele   +   (no boots)
Stlth    ..........             K - amulet of regeneration
HPRegen  0.00/turn              G - +6 ring of strength
MPRegen  0.13/turn              C - +6 ring of dexterity

@: exhausted, no scrolls, rotting
A: rotting body, claws 1, carnivore, cold resistance 1, low mp 1, negative
energy resistance 3, inhibited regeneration, torment resistance, unbreathing,
inability to read while threatened, no charms magic, no earth magic, no hexes
magic
a: Draw Out Power, Renounce Religion


You were in the Dungeon.
You worshipped Ru.
Ru was most pleased with you.
You were not hungry.

You visited 1 branch

Inventory:

Hand Weapons
 m - the +7 Screaming Sword (weapon) {vorpal, sonic wave}
   (You found it in the Dungeon)

   It inflicts extra damage upon your enemies.
 n - the +9 sword of Zonguldrok {reap}
   (You found it in the Dungeon)

   If a monster killed with it leaves a corpse in good enough shape, the corpse
   will be animated as a zombie friendly to the killer.
Armour
 b - a +0 scale mail
 c - a +0 kite shield
 l - a +3 kite shield (worn)
 w - +5 fire dragon scales (worn)
 I - +5 gold dragon scales
Jewellery
 B - an uncursed ring of flight
 C - a +6 ring of dexterity (right claw)
 D - a +6 ring of dexterity
 E - a +6 ring of intelligence
 F - a +6 ring of intelligence
 G - a +6 ring of strength (left claw)
 H - a +6 ring of strength
 K - an amulet of regeneration (around neck)
 L - the ring "Ustruitt" {rN+ rCorr Int+7 Dex-4 Stlth+}
   (You found it in the Dungeon)

   [ring of resist corrosion]

   It affects your intelligence (+7).
   It affects your dexterity (-4).
   It protects you from negative energy.
   It provides partial protection from all sources of acid and corrosion.
   It makes you more stealthy.
Wands
 y - a wand of disintegration (7)
 z - a wand of iceblast (5)
 A - a wand of acid (7)
Scrolls
 k - 4 scrolls of blinking
 o - 4 scrolls of amnesia
 p - 7 scrolls of fog
 q - 5 scrolls of identify
 r - 5 scrolls of remove curse
 s - 2 scrolls of fear
 M - 4 scrolls of enchant weapon
Potions
 d - 5 potions of might
 e - 10 potions of curing
 g - 8 potions of heal wounds
 h - 13 potions of haste
 i - 7 potions of magic
 j - 3 potions of berserk rage
 t - 2 potions of brilliance
 u - 2 potions of invisibility
 v - 4 potions of resistance
 x - 5 potions of stabbing
Miscellaneous
 a - a tin of tremorstones (2/3)
 J - 4 phantom mirrors
 N - a box of beasts
Comestibles
 f - 7 rations


   Skills:
 + Level 14.1 Fighting
 + Level 13.4 Long Blades
 + Level 12.1 Armour
 + Level 12.1 Shields
 + Level 5.3 Evocations


You had 10 spell levels left.
You didn't know any spells.
Your spell library was empty.

Dungeon Overview and Level Annotations

Branches:
Dungeon (1/1)

Altars:
Ashenzari
Cheibriados
Dithmenos
Elyvilon
Fedhas
Gozag
Hepliaklqana
Kikubaaqudgha
Makhleb
Nemelex Xobeh
Okawaru
Qazlal
Ru
Sif Muna
Trog
Uskayaw
Vehumet
Wu Jian
Xom
Yredelemnul
Zin
The Shining One
Beogh
Jiyva
Lugonu

Annotations:
D 1 transporter


Innate Abilities, Weirdness & Mutations

Your body is rotting away.
You thrive on raw meat.
You are immune to poison.
You have sharp fingernails.
You are carnivorous and can eat meat at any time.
Your flesh is cold resistant. (rC+)
Your magical capacity is low. (-10% MP)
You are immune to negative energy. (rN+++)
You do not regenerate when monsters are visible.
You are immune to unholy pain and torment.
You can survive without breathing.
You cannot read scrolls while threatened.
You cannot study or cast Charms magic.
You cannot study or cast Earth magic.
You cannot study or cast Hexes magic.


Message History

Unknown command.
Unknown command.
You're too exhausted to draw out your power.
Unknown command.
Unknown command.
Evoke which item? (* to show all) (? for menu, Esc to quit)
The tremorstone explodes into fragments!
The burst of rock shards engulfs the orc knight! x2
The burst of rock shards engulfs the yaktaur captain!
The burst of rock shards engulfs the orc knight! x2
The burst of rock shards engulfs the vault guard!
The burst of rock shards engulfs the yaktaur captain!
The burst of rock shards engulfs you.
* * * LOW HITPOINT WARNING * * *
The burst of rock shards engulfs the vault sentinel.
You kill the vault sentinel!
The orc knight unwields a +2 arbalest of flaming.
It stops flaming.
The orc knight wields a +0 war axe.
The orc knight hits you with a +0 war axe!!
You die...

▓....©....▓...©...▓
▓▓▓▓▓▓▓▓▓▓▓▓▓▓▓▓▓▓▓
▓...8©8...▓
▓..="}[|..▓
▓...).[|..▓
▓.........▓
▓.........▓
▓.....ooc.▓
▓.....p@).▓
▓.▓...(p▓.▓
▓....©....▓
▓▓▓▓▓▓▓▓▓▓▓


You could see a yaktaur captain, 2 vault guards and 2 orc knights.

Vanquished Creatures
  A bone dragon (D)
  An ironheart preserver (D)
  A great orb of eyes (D)
  A sun demon (D)
  A wizard (D)
  2 draconians (D)
  A vault sentinel (D)
  A ynoxinul (D)
  4 starcursed masses (D)
  A shadow (D)
  A yak (D)
  A small abomination (D)
  A naga (D)
  A large abomination (D)
  A porcupine (shapeshifter) (D)
  2 hell hounds (D)
  An ice beast (shapeshifter) (D)
  A tengu (shapeshifter) (D)
  An eye of draining (D)
  A crocodile (shapeshifter) (D)
  A bullfrog (D)
  A killer bee (shapeshifter) (D)
  A crimson imp (D)
  A quasit (D)
  2 jellies (D)
  5 iron imps (D)
  2 adders (D)
  A river rat (D)
  3 shadow imps (D)
  4 white imps (D)
  An ufetubus (D)
  An adder skeleton (D)
  A ball python (D)
  A bat zombie (D)
  A jackal (D)
51 creatures vanquished.

Vanquished Creatures (collateral kills)
  A white imp (D)
1 creature vanquished.

Grand Total: 52 creatures vanquished

Notes
Turn   | Place    | Note
-------+----------+-------------------------------------------
     0 | D        | Baz the Ghoul Fighter began the quest for the Orb.
     0 | D        | Reached XP level 1. HP: 19/19 MP: 0/0
     0 | D        | Found a blossoming altar of Fedhas.
     1 | D        | Found the +6 Majin-Bo {vamp, Archmagi MP+6 Int+6}
     1 | D        | Found the +7 great mace "Firestarter" {inner flame, rF++}
    14 | D        | Found a viscous altar of Jiyva.
    14 | D        | Found a transporter.
    14 | D        | Found a hazy altar of Hepliaklqana.
    14 | D        | Found an ancient bone altar of Kikubaaqudgha.
    14 | D        | Found an opulent altar of Gozag.
    14 | D        | Found a corrupted altar of Lugonu.
    15 | D        | Found a burning altar of Makhleb.
    16 | D        | Found a stormy altar of Qazlal.
    16 | D        | Found a sacrificial altar of Ru.
    16 | D        | Found an iron altar of Okawaru.
    16 | D        | Found a shimmering blue altar of Sif Muna.
    16 | D        | Found a sparkling altar of Nemelex Xobeh.
    16 | D        | Found a bloodstained altar of Trog.
    22 | D        | Found the +6 shillelagh "Devastator" {shatter}
    22 | D        | Found the +11 plutonium sword {*Contam Stlth-}
    22 | D        | Found the +8 lance "Wyrmbane" {slay drac, rPois rF+ rC+
                  | AC+3}
    22 | D        | Found the +9 sword of Zonguldrok {reap}
    22 | D        | Found the cursed +13 scythe of Curses {drain, *Curse}
    22 | D        | Found the +0 sword of Power
    22 | D        | Found the +7 mace of Variability {chain chaos}
    22 | D        | Found the +7 Singing Sword {vorpal, sonic wave}
    22 | D        | Found the +8 storm bow {elec, penet}
    42 | D        | Reached XP level 2. HP: 26/26 MP: 1/1
    54 | D        | Became a worshipper of Ru the Awakened
   107 | D        | Entered arena 2.
   107 | D        | Noticed a draconian
   107 | D        | Noticed a draconian
   107 | D        | Found a transporter.
   108 | D        | Identified the +7 hunting sling of Noxzot {venom, rN++
                  | MR+++ Str+2 Int-3}
   112 | D        | Killed a draconian
   112 | D        | Reached skill level 7 in Fighting
   112 | D        | Reached XP level 3. HP: 23/39 MP: 2/2
   112 | D        | Reached XP level 4. HP: 28/47 MP: 3/3
   112 | D        | Reached XP level 5. HP: 31/52 MP: 4/4
   112 | D        | Reached XP level 6. HP: 36/60 MP: 5/5
   114 | D        | Killed a draconian
   114 | D        | Reached skill level 8 in Fighting
   114 | D        | Reached XP level 7. HP: 42/69 MP: 6/6
   257 | D        | Entered arena 3.
   257 | D        | Found a transporter.
   259 | D        | Reached skill level 9 in Fighting
   261 | D        | Reached skill level 10 in Long Blades
   261 | D        | Reached XP level 8. HP: 74/77 MP: 3/7
   305 | D        | Entered arena 4.
   305 | D        | Found a transporter.
   325 | D        | Gained mutation: You cannot study or cast Earth magic. [Ru
                  | sacrifice]
   325 | D        | Gained mutation: You cannot study or cast Hexes magic. [Ru
                  | sacrifice]
   325 | D        | Gained mutation: You cannot study or cast Charms magic. [Ru
                  | sacrifice]
   325 | D        | Reached * piety under Ru
   328 | D        | Entered arena 5.
   328 | D        | Noticed a yak
   328 | D        | Found a transporter.
   329 | D        | Found the +7 sceptre of Torment {pain, torment}
   335 | D        | Killed a yak
   349 | D        | Got the ring "Ustruitt" {rN+ rCorr Int+7 Dex-4 Stlth+}
   359 | D        | Entered arena 6.
   359 | D        | Found a transporter.
   361 | D        | Reached skill level 10 in Fighting
   424 | D        | Entered arena 7.
   424 | D        | Identified the cursed +1 flail of Wyrd {flame, rElec Int+4
                  | Dex-2}
   426 | D        | Reached XP level 9. HP: 70/86 MP: 8/8
   432 | D        | Found a transporter.
   433 | D        | Gained mutation: You cannot read scrolls while threatened.
                  | [Ru sacrifice]
   433 | D        | Reached ** piety under Ru
   489 | D        | Entered arena 8.
   489 | D        | Noticed a bone dragon
   490 | D        | Found a transporter.
   497 | D        | Reached skill level 11 in Fighting
   507 | D        | Killed a bone dragon
   507 | D        | Reached skill level 12 in Fighting
   507 | D        | Reached XP level 10. HP: 20/100 MP: 9/9
   824 | D        | Entered arena 9.
   824 | D        | Noticed a starcursed mass
   825 | D        | Found a transporter.
   830 | D        | Reached skill level 1 in Evocations
   836 | D        | Killed a starcursed mass
   838 | D        | Killed a starcursed mass
   838 | D        | Reached skill level 13 in Fighting
   839 | D        | Killed a starcursed mass
   840 | D        | Killed a starcursed mass
   858 | D        | Gained mutation: Your magical capacity is low. (-10% MP)
                  | [Ru sacrifice]
   858 | D        | Reached *** piety under Ru
   931 | D        | Entered arena 10.
   931 | D        | Noticed a sun demon
   932 | D        | Found a transporter.
   939 | D        | Killed a sun demon
   957 | D        | Entered arena 11.
   957 | D        | Noticed a vault guard
   957 | D        | Noticed an orc knight
   957 | D        | Noticed a wizard
   957 | D        | Noticed an orc knight
   957 | D        | Noticed a vault sentinel
   957 | D        | Noticed a great orb of eyes
   957 | D        | Noticed a yaktaur captain
   957 | D        | Noticed an ironheart preserver
   957 | D        | Noticed a vault guard
   958 | D        | Found a transporter.
   964 | D        | Killed a wizard
   964 | D        | Reached XP level 11. HP: 66/106 MP: 6/11
   966 | D        | Killed a great orb of eyes
   966 | D        | Killed an ironheart preserver
   966 | D        | Reached skill level 14 in Fighting
   966 | D        | Reached skill level 5 in Evocations
   968 | D        | Mangled by an orc knight

Illustrated notes

Levels and vault maps discovered:
D:        sprint_v [room_start, room_1, room_2, room_3, room_4, room_5, room_6,
          room_7, room_8, room_9, room_10, room_11, room_12, room_13, room_14,
          room_15, room_16, room_17, room_18, room_19, room_20, room_21,
          room_22, room_23, room_24, room_25, room_26, room_27]

Skill      XL: |  1  2  3  4  5  6  7  8  9 10 11 |
---------------+----------------------------------+-----
Long Blades    | 7 9 10 12 13 | 13.4
Fighting       | 7 8 9 10 12 13 14 | 14.1
Armour         | 6 7 9 11 12 | 12.1
Shields        | 6 7 9 11 12 | 12.1
Evocations     | 3 5 |  5.3

Action                   |  1- 3 |  4- 6 |  7- 9 | 10-12 || total
-------------------------+-------+-------+-------+-------++-------
Melee: Double sword      |     2 |     2 |    35 |    23 ||    62
Invok: Sacrifice Arcana  |       |       |     1 |       ||     1
       Sacrifice Words   |       |       |     1 |       ||     1
       Sacrifice Essence |       |       |       |     1 ||     1
       Draw Out Power    |       |       |       |     1 ||     1
Evoke: Wand              |     2 |       |       |       ||     2
       Box of beasts     |       |       |     1 |       ||     1
       Tin of tremorston |       |       |       |     1 ||     1
  Use: Potion            |     2 |       |     3 |       ||     5
  Eat: Chunk             |       |       |     3 |       ||     3
Armor: Fire dragon scale |     2 |       |    23 |     5 ||    30
Dodge: Dodged            |     1 |     1 |    10 |     9 ||    21
Block: Kite shield       |       |       |    34 |    18 ||    52
       Rpst.: Double sword |     1 |       |     4 |     3 ||     8
